[ AOE2 MATCH · #493788330 ]
1v1 RMBulgarians vs Mongols
Player's team · LOSS
Rival team · WIN
[ REPLAY ANALYSIS · EXTRACTED FROM THE RECORDED GAME ]
Feudal
14:01
Castle
21:42
Imperial
—
| APM avg | 17.4 |
| APM peak | 47 |
| eAPM avg | 10.2 |
| Villagers / military | 67 / 7 |
Focus
⚔️ 16.5% · 🌾 83.5%
Spearman ×7
Feudal
9:32
Castle
19:23
Imperial
—
| APM avg | 31.5 |
| APM peak | 94 |
| eAPM avg | 11.2 |
| Villagers / military | 57 / 27 |
Focus
⚔️ 18.3% · 🌾 81.7%
Cavalry Archer ×26 · Monk ×1
Match map
Initial resources + every placement click. Lines = walls · curves = elevation contours. ◆ gold · ⬟ stone · ● berries · ✦ relic · ◌ wall gap
Your base· Open — unwalled flank
burki's base· Open — unwalled flank
Smoothed initial terrain · ◌ = detected wall gap · hover for details
Inputs per minute
— 青鸟 - - burki
Build order — 青鸟
142 actions detected in the replay
| 0:02 | Build | House |
| 0:05 | Build | House |
| 0:06 | Create | Villager (Male) |
| 0:06 | Create | Villager (Male) |
| 0:20 | Build | House |
| 0:34 | Create | Villager (Male) |
| 0:48 | Create | Villager (Male) |
| 1:29 | Create | Villager (Male) |
| 1:55 | Build | Lumber Camp |
| 2:20 | Create | Villager (Male) |
| 2:37 | Create | Villager (Male) |
| 3:11 | Create | Villager (Male) |
| 3:18 | Create | Villager (Male) |
| 4:03 | Create | Villager (Male) |
| 4:46 | Create | Villager (Male) |
| 5:14 | Create | Villager (Male) |
| 5:50 | Create | Villager (Male) |
| 6:11 | Build | Mill |
| 6:19 | Build | House |
| 6:25 | Create | Villager (Male) |
| 6:27 | Create | Villager (Male) |
| 6:46 | Create | Villager (Male) |
| 6:56 | Build | House |
| 7:37 | Build | Palisade Wall |
| 7:48 | Build | Farm |
| 7:49 | Build | Farm |
| 7:53 | Build | Farm |
| 7:54 | Build | Farm |
| 7:56 | Build | Farm |
| 8:16 | Create | Villager (Male) |
| 8:17 | Create | Villager (Male) |
| 8:20 | Create | Villager (Male) |
| 9:02 | Build | Palisade Wall |
| 9:09 | Build | Palisade Wall |
| 9:14 | Create | Villager (Male) |
| 9:15 | Create | Villager (Male) |
| 9:54 | Create | Villager (Male) |
| 9:56 | Create | Villager (Male) |
| 10:41 | Create | Villager (Male) |
| 10:53 | Build | Palisade Wall |
| 11:09 | Build | Palisade Wall |
| 11:25 | Build | House |
| 11:40 | Build | House |
| 11:51 | Research | Feudal Age |
| 12:12 | Build | House |
| 12:27 | Build | Palisade Wall |
| 12:36 | Create | Villager (Male) |
| 13:14 | Build | Barracks |
| 13:41 | Build | Mining Camp |
| 13:48 | Create | Villager (Male) |
| 14:01 | Age | Feudal Age |
| 14:09 | Research | Double-Bit Axe |
| 14:13 | Research | Horse Collar |
| 14:17 | Build | Farm |
| 14:18 | Build | Farm |
| 14:20 | Build | Farm |
| 14:23 | Build | Farm |
| 14:31 | Create | Villager (Male) |
| 14:51 | Build | Lumber Camp |
| 14:54 | Create | Villager (Male) |
| 14:55 | Create | Villager (Male) |
| 15:02 | Build | House |
| 15:18 | Create | Villager (Male) |
| 15:31 | Build | Farm |
| 15:34 | Build | Farm |
| 15:40 | Build | Farm |
| 15:48 | Build | Farm |
| 16:03 | Build | Farm |
| 16:16 | Create | Villager (Male) |
| 16:23 | Build | Farm |
| 16:27 | Build | Farm |
| 16:31 | Research | Wheelbarrow |
| 16:52 | Create | Villager (Male) |
| 17:30 | Build | Blacksmith |
| 17:57 | Build | Market |
| 18:03 | Create | Villager (Male) |
| 18:52 | Research | Castle Age |
| 19:24 | Build | Archery Range |
| 20:14 | Build | Palisade Wall |
| 20:27 | Build | House |
| 21:02 | Build | House |
| 21:42 | Age | Castle Age |
| 21:53 | Build | Town Center |
| 22:26 | Build | Town Center |
| 22:31 | Create | Villager (Male) |
| 22:32 | Research | Hand Cart |
| 22:51 | Create | Villager (Male) |
| 23:20 | Build | Palisade Gate |
| 23:30 | Create | Villager (Male) |
| 23:30 | Create | Villager (Male) |
| 23:31 | Create | Villager (Male) |
| 23:41 | Create | Villager (Male) |
| 23:49 | Create | Villager (Male) |
| 23:54 | Research | Pikeman (upgrade) |
| 24:01 | Research | Scale Barding Armor |
| 24:20 | Build | Mining Camp |
| 24:24 | Create | Villager (Male) |
| 24:30 | Create | Villager (Male) |
| 24:31 | Create | Villager (Male) |
| 24:33 | Create | Villager (Male) |
| 24:36 | Create | Villager (Male) |
| 24:36 | Create | Villager (Male) |
| 24:40 | Build | Mining Camp |
| 24:45 | Research | Bow Saw |
| 24:53 | Research | Heavy Plow |
| 25:04 | Create | Villager (Male) |
| 25:06 | Create | Villager (Male) |
| 25:09 | Create | Villager (Male) |
| 25:10 | Create | Villager (Male) |
| 25:19 | Build | Monastery |
| 25:27 | Build | University |
| 25:32 | Create | Villager (Male) |
| 25:33 | Create | Villager (Male) |
| 25:36 | Create | Villager (Male) |
| 25:37 | Create | Villager (Male) |
| 25:37 | Create | Villager (Male) |
| 25:42 | Create | Villager (Male) |
| 25:49 | Create | Villager (Male) |
| 25:50 | Create | Villager (Male) |
| 27:07 | Build | Krepost |
| 27:27 | Create | Spearman |
| 27:27 | Create | Spearman |
| 27:53 | Create | Villager (Male) |
| 27:53 | Create | Villager (Male) |
| 27:53 | Create | Villager (Male) |
| 27:54 | Create | Villager (Male) |
| 28:00 | Research | Squires |
| 28:01 | Research | Arson |
| 28:04 | Create | Spearman |
| 28:04 | Create | Spearman |
| 28:25 | Build | Farm |
| 29:01 | Build | Krepost |
| 29:33 | Research | Scale Mail Armor |
| 30:01 | Create | Spearman |
| 30:02 | Create | Spearman |
| 30:02 | Create | Spearman |
| 31:04 | Create | Villager (Male) |
| 31:05 | Create | Villager (Male) |
| 31:05 | Create | Villager (Male) |
| 31:05 | Create | Villager (Male) |
| 31:05 | Create | Villager (Male) |
| 31:32 | Build | Castle |
Build order — burki
149 actions detected in the replay
| 0:04 | Build | House |
| 0:05 | Build | House |
| 0:31 | Create | Villager (Male) |
| 0:31 | Create | Villager (Male) |
| 0:31 | Create | Villager (Male) |
| 0:31 | Create | Villager (Male) |
| 0:32 | Create | Villager (Male) |
| 1:51 | Create | Villager (Male) |
| 2:13 | Create | Villager (Male) |
| 2:13 | Create | Villager (Male) |
| 2:47 | Create | Villager (Male) |
| 2:47 | Create | Villager (Male) |
| 3:19 | Create | Villager (Male) |
| 3:19 | Create | Villager (Male) |
| 4:22 | Create | Villager (Male) |
| 4:22 | Create | Villager (Male) |
| 4:22 | Create | Villager (Male) |
| 4:45 | Create | Villager (Male) |
| 4:45 | Create | Villager (Male) |
| 4:45 | Create | Villager (Male) |
| 4:54 | Build | House |
| 4:55 | Build | House |
| 5:02 | Build | Lumber Camp |
| 5:36 | Create | Villager (Male) |
| 5:36 | Create | Villager (Male) |
| 6:08 | Research | Loom |
| 6:28 | Create | Villager (Male) |
| 6:43 | Build | Mill |
| 7:22 | Research | Feudal Age |
| 7:22 | Research | Feudal Age |
| 9:04 | Build | Mining Camp |
| 9:23 | Build | Barracks |
| 9:29 | Create | Villager (Male) |
| 9:29 | Create | Villager (Male) |
| 9:32 | Age | Feudal Age |
| 9:44 | Research | Double-Bit Axe |
| 9:55 | Create | Villager (Male) |
| 9:55 | Create | Villager (Male) |
| 10:22 | Create | Villager (Male) |
| 10:22 | Create | Villager (Male) |
| 10:34 | Create | Villager (Male) |
| 10:34 | Create | Villager (Male) |
| 10:53 | Create | Villager (Male) |
| 11:16 | Build | Market |
| 11:21 | Build | House |
| 12:02 | Research | Gold Mining |
| 12:35 | Build | House |
| 12:47 | Build | Blacksmith |
| 12:56 | Build | Palisade Wall |
| 13:02 | Create | Villager (Male) |
| 13:03 | Create | Villager (Male) |
| 13:22 | Create | Villager (Male) |
| 13:22 | Create | Villager (Male) |
| 13:57 | Build | Palisade Wall |
| 14:15 | Build | Farm |
| 14:15 | Build | Farm |
| 14:15 | Build | Farm |
| 14:15 | Build | Farm |
| 14:15 | Build | Farm |
| 14:16 | Build | Farm |
| 14:37 | Build | Farm |
| 14:38 | Build | Farm |
| 14:38 | Build | Farm |
| 14:38 | Build | Farm |
| 14:38 | Build | Farm |
| 16:43 | Research | Castle Age |
| 17:24 | Build | Archery Range |
| 17:26 | Build | Archery Range |
| 17:34 | Research | Fletching |
| 17:44 | Research | Padded Archer Armor |
| 17:44 | Research | Padded Archer Armor |
| 18:37 | Build | Palisade Wall |
| 18:39 | Build | Palisade Gate |
| 18:43 | Build | Palisade Wall |
| 18:46 | Build | Palisade Wall |
| 18:54 | Build | Palisade Wall |
| 19:06 | Create | Villager (Male) |
| 19:06 | Create | Villager (Male) |
| 19:06 | Create | Villager (Male) |
| 19:09 | Create | Villager (Male) |
| 19:14 | Build | Farm |
| 19:14 | Build | Farm |
| 19:15 | Build | Farm |
| 19:17 | Build | Farm |
| 19:23 | Age | Castle Age |
| 19:30 | Build | Mining Camp |
| 19:41 | Build | Palisade Wall |
| 19:52 | Build | Palisade Gate |
| 19:57 | Build | Palisade Wall |
| 20:02 | Create | Cavalry Archer |
| 20:02 | Create | Cavalry Archer |
| 20:02 | Create | Cavalry Archer |
| 20:02 | Create | Cavalry Archer |
| 20:03 | Create | Cavalry Archer |
| 20:04 | Create | Cavalry Archer |
| 20:16 | Build | House |
| 20:18 | Build | House |
| 20:21 | Build | House |
| 20:22 | Build | House |
| 20:23 | Build | House |
| 20:25 | Build | House |
| 20:31 | Build | Palisade Wall |
| 20:34 | Build | Palisade Wall |
| 21:10 | Create | Villager (Male) |
| 21:10 | Create | Villager (Male) |
| 21:11 | Create | Villager (Male) |
| 21:49 | Create | Cavalry Archer |
| 21:50 | Create | Cavalry Archer |
| 21:50 | Create | Cavalry Archer |
| 22:12 | Build | House |
| 22:34 | Research | Thumb Ring |
| 22:34 | Research | Thumb Ring |
| 22:34 | Research | Thumb Ring |
| 22:42 | Research | Bodkin Arrow |
| 23:04 | Build | Farm |
| 23:28 | Research | Leather Archer Armor |
| 23:38 | Build | Farm |
| 23:40 | Create | Villager (Male) |
| 23:40 | Create | Villager (Male) |
| 23:41 | Create | Villager (Male) |
| 24:14 | Build | Lumber Camp |
| 24:37 | Build | Monastery |
| 25:11 | Research | Bow Saw |
| 25:20 | Create | Villager (Male) |
| 25:20 | Create | Villager (Male) |
| 25:48 | Create | Villager (Male) |
| 25:48 | Create | Villager (Male) |
| 26:03 | Research | Horse Collar |
| 26:03 | Research | Horse Collar |
| 26:25 | Create | Monk |
| 26:49 | Build | University |
| 28:13 | Create | Villager (Male) |
| 28:13 | Create | Villager (Male) |
| 28:13 | Create | Villager (Male) |
| 28:13 | Create | Villager (Male) |
| 28:29 | Research | Ballistics |
| 29:21 | Create | Villager (Male) |
| 29:21 | Create | Villager (Male) |
| 30:50 | Create | Cavalry Archer ×5 |
| 30:50 | Create | Cavalry Archer ×5 |
| 30:51 | Create | Cavalry Archer ×5 |
| 31:00 | Build | Mining Camp |
| 31:20 | Research | Wheelbarrow |
| 31:32 | Build | Town Center |
| 31:40 | Create | Villager (Male) |
| 31:40 | Create | Villager (Male) |
| 31:40 | Create | Villager (Male) |
| 32:56 | Create | Cavalry Archer |
| 32:56 | Create | Cavalry Archer |
Match timeline
| 7:37 | 青鸟 · wall_segment Palisade Wall x18 |
| 9:02 | 青鸟 · wall_segment Palisade Wall x12 |
| 9:09 | 青鸟 · wall_segment Palisade Wall x17 |
| 9:23 | burki · first_building Barracks |
| 9:32 | burki · age_up feudal |
| 10:53 | 青鸟 · wall_segment Palisade Wall x7 |
| 11:09 | 青鸟 · wall_segment Palisade Wall x6 |
| 12:27 | 青鸟 · wall_segment Palisade Wall x3 |
| 12:56 | burki · wall_segment Palisade Wall x1 |
| 13:14 | 青鸟 · first_building Barracks |
| 13:57 | burki · wall_segment Palisade Wall x17 |
| 14:01 | 青鸟 · age_up feudal |
| 14:33 | burki · first_market_buy 100 wood |
| 15:50 | burki · first_market_sell 100 wood |
| 17:24 | burki · first_building Archery Range |
| 18:37 | burki · wall_segment Palisade Wall x3 |
| 18:43 | burki · wall_segment Palisade Wall x11 |
| 18:46 | burki · wall_segment Palisade Wall x1 |
| 18:54 | burki · wall_segment Palisade Wall x13 |
| 19:23 | burki · age_up castle |
| 19:24 | 青鸟 · first_building Archery Range |
| 19:41 | burki · wall_segment Palisade Wall x10 |
| 19:57 | burki · wall_segment Palisade Wall x4 |
| 20:14 | 青鸟 · wall_segment Palisade Wall x6 |
| 20:31 | burki · wall_segment Palisade Wall x1 |
| 20:34 | burki · wall_segment Palisade Wall x1 |
| 21:42 | 青鸟 · age_up castle |
| 24:37 | burki · first_building Monastery |
| 25:19 | 青鸟 · first_building Monastery |
| 27:07 | 青鸟 · first_building Krepost |
| 31:22 | 青鸟 · first_market_buy 100 stone |
| 31:32 | 青鸟 · first_building Castle |
| 33:07 | 青鸟 · resign |
[ AI ANALYSIS · 1 CREDIT ]
What really happened in this match?
Wolo.gg analyzes every decision: build order, eco, micro, common mistakes by bracket. Personalized analysis on WhatsApp or Discord in 30 seconds.
Civ guide
Bulgarians
Map guide
Arabia
Perfil
青鸟